AoeStats
← capt. Bear

African Clearing

505667883Analyzed
4v4 RM · 23d ago on Sep 10, 2026· 68m 9s· 8 players
Game mode
Random Map
Map size
Large (8 player)
Population
200
Speed
Normal
Resources
Standard
Victory
Conquest
Starting age
Dark Age
Ending age
Imperial Age
RankedLock teamsTeams togetherTeam positionsShared explorationLock speedFull tech treeHidden civsTurbo modeCheats
Victory
Defeat
🇺🇸 Spanish · United States
1625
+12
🇦🇷 Italians · Argentina
1617
+12
🇹🇼 Vietnamese · Taiwan
1578
+14
🇹🇼 Gurjaras · Taiwan
1572
+15
🇪🇨 Persians · Ecuador
1548
-14
🇦🇺 Mongols · Australia
1546
-13
🇨🇳 Vietnamese · China
1528
-13
🇸🇬 Bulgarians · Singapore
1523
-13
Jeremy V
9:08 Loom
10:54 Feudal Age
13:33 Double-Bit Axe
15:24 Forging
15:21 Scale Barding Armor
24:11 Castle Age
23:53 Fletching
24:53 Light Cavalry
32:14 Bodkin Arrow
35:32 Padded Archer Armor
35:47 Bloodlines
39:10 Leather Archer Armor
39:17 Ballistics
39:35 Wheelbarrow
43:24 Imperial Age
44:08 Bracer
45:15 Chemistry
52:24 Conscription
54:35 Elite Mangudai
66:02 Gold Mining
anirone7589
13:35 Feudal Age
12:04 Loom
18:05 Castle Age
16:05 Double-Bit Axe
18:43 Fletching
19:05 Forging
19:01 Scale Barding Armor
22:20 Horse Collar
24:34 Town Watch
28:45 Bow Saw
29:26 Iron Casting
34:26 Chain Barding Armor
35:09 Heavy Plow
35:51 Bloodlines
35:41 Husbandry
37:05 Wheelbarrow
38:11 Hand Cart
42:51 Imperial Age
42:55 Elite Konnik
44:20 Plate Barding Armor
44:54 Blast Furnace
45:35 Light Cavalry
46:53 Stirrups
47:19 Conscription
49:10 Capped Ram
50:23 Siege Ram
52:31 Heavy Scorpion
59:10 Caravan
59:41 Coinage
59:44 Hussar
62:42 Onager
[ECU] QUITUS
9:10 Loom
12:21 Feudal Age
20:20 Castle Age
18:32 Horse Collar
19:59 Gold Mining
19:56 Double-Bit Axe
24:40 Fletching
31:39 Wheelbarrow
33:04 Scale Barding Armor
33:13 Bloodlines
36:09 Imperial Age
34:53 Bow Saw
35:00 Heavy Plow
35:25 Chain Barding Armor
35:35 Forging
36:05 Gold Shaft Mining
37:02 Iron Casting
36:29 Husbandry
37:40 Plate Barding Armor
37:17 Cavalier
38:14 Town Watch
39:33 Savar
41:38 Blast Furnace
59:39 Coinage
60:20 Light Cavalry
64:02 Hussar
66:58 Heavy Camel Rider
木薯大王
11:57 Loom
14:41 Feudal Age
15:18 Double-Bit Axe
18:17 Castle Age
17:03 Gold Mining
18:21 Horse Collar
20:36 Fletching
21:40 Wheelbarrow
27:00 Heavy Plow
31:34 Imperial Age
28:52 Town Watch
29:24 Bodkin Arrow
29:30 Padded Archer Armor
29:42 Padded Archer Armor
31:23 Ballistics
31:21 Stone Mining
33:07 Bracer
34:47 Leather Archer Armor
38:02 Bow Saw
39:53 Chemistry
43:04 Paper Money
42:09 Elite Rattan Archer
44:15 Stone Shaft Mining
45:47 Hand Cart
47:10 Scale Mail Armor
47:21 Forging
46:50 Pikeman
47:30 Squires
48:12 Squires
47:50 Halberdier
49:41 Chain Mail Armor
50:01 Iron Casting
50:47 Plate Mail Armor
50:27 Elite Skirmisher
51:40 Ring Archer Armor
51:53 Imperial Skirmisher
57:50 Arson
58:19 Thumb Ring
58:36 Heavy Plow
60:36 Crossbowman
63:24 Two-Man Saw
62:15 Capped Ram
Silence
5:39 Loom
13:41 Feudal Age
17:16 Castle Age
15:12 Double-Bit Axe
28:00 Bow Saw
27:32 Horse Collar
29:32 Heavy Plow
33:36 Imperial Age
31:04 Gold Mining
31:41 Scale Barding Armor
32:18 Wheelbarrow
33:07 Chain Barding Armor
33:22 Husbandry
33:33 Bloodlines
34:23 Forging
33:38 Cavalier
36:18 Plate Barding Armor
40:16 Hand Cart
40:57 Iron Casting
42:22 Two-Man Saw
41:17 Town Watch
43:09 Blast Furnace
42:00 Capped Ram
42:56 Paladin
44:40 Siege Ram
47:42 Scale Mail Armor
47:31 Pikeman
48:12 Squires
48:50 Chain Mail Armor
48:34 Halberdier
50:56 Plate Mail Armor
51:29 Fortified Wall
52:20 Chemistry
52:50 Coinage
52:22 Arson
52:29 Fletching
55:36 Banking
55:10 Caravan
58:13 Light Cavalry
64:55 Masonry
65:42 Fishing Lines
G5
7:23 Loom
14:25 Feudal Age
18:01 Castle Age
16:31 Town Watch
18:40 Scale Mail Armor
20:50 Fishing Lines
26:34 Horse Collar
30:34 Wheelbarrow
30:45 Gillnets
31:54 Gold Mining
36:15 Imperial Age
34:27 Fletching
34:41 Padded Archer Armor
34:38 Stone Mining
35:28 Ballistics
35:05 Bodkin Arrow
35:50 Thumb Ring
36:56 Bracer
38:01 Chemistry
38:03 Conscription
39:39 Elite Genoese Crossbowman
40:38 Treadmill Crane
41:09 Masonry
41:20 Padded Archer Armor
41:25 Scale Barding Armor
42:53 Town Patrol
44:20 Leather Archer Armor
45:56 Chain Barding Armor
46:06 Ring Archer Armor
45:19 Light Cavalry
46:10 Bloodlines
46:01 Husbandry
47:25 Plate Barding Armor
48:22 Forging
50:42 Fortified Wall
51:18 Iron Casting
50:05 Hussar
55:56 Coinage
60:48 Bombard Tower
61:17 Hoardings
61:07 Silk Road
64:54 Blast Furnace
65:06 Caravan
65:59 Hoardings
capt. Bear
14:07 Feudal Age
14:50 Double-Bit Axe
17:46 Castle Age
16:53 Loom
18:31 Fishing Lines
19:15 Fletching
20:40 Horse Collar
22:21 Bow Saw
22:29 Bodkin Arrow
24:35 Padded Archer Armor
26:14 Wheelbarrow
25:24 Town Watch
29:38 Hand Cart
32:01 Ballistics
31:48 Gold Mining
34:58 Imperial Age
34:55 Leather Archer Armor
35:38 Thumb Ring
35:41 Bracer
36:51 Chemistry
37:11 Ring Archer Armor
37:31 Elite Rattan Archer
40:20 Paper Money
42:31 Coinage
42:43 Scale Mail Armor
42:53 Forging
43:27 Siege Engineers
43:18 Elite Fire Lancer
46:17 Chain Mail Armor
46:06 Squires
46:23 Murder Holes
49:42 Squires
50:10 Fortified Wall
50:49 Plate Mail Armor
51:03 Iron Casting
53:17 Caravan
56:01 Two-Man Saw
58:25 Pikeman
59:18 Halberdier
59:58 Stone Mining
60:52 Banking
61:08 Heavy Plow
61:21 Scale Barding Armor
61:28 Bloodlines
61:18 Husbandry
60:39 Elite Battle Elephant
63:50 Chatras
64:46 Arson
64:53 Treadmill Crane
66:53 Chain Barding Armor
鼠條
7:59 Loom
13:49 Feudal Age
20:28 Castle Age
33:56 Wheelbarrow
40:39 Horse Collar
46:01 Double-Bit Axe
47:03 Hand Cart
49:53 Imperial Age
48:51 Stone Mining
48:52 Gold Mining
50:02 Town Watch
54:36 Heavy Camel Rider
55:26 Bloodlines
55:17 Husbandry
55:27 Husbandry
55:42 Scale Barding Armor
55:47 Forging
55:53 Scale Barding Armor
57:58 Light Cavalry
58:58 Hussar
60:12 Chain Barding Armor
64:00 Heavy Plow
64:11 Bow Saw
64:39 Caravan
Connection lost

Rejoining the realm…

Still unreachable

The connection could not be restored.

Session expired

The server has moved on; the page needs a fresh start.